 Dungeon Crawl Stone Soup version 0.26.1-11-gd32895ea62 (webtiles) character file.

Game seed: 16624537704442195009

57 DildoBatman the Conjurer (level 4, 0/30 HPs)
             Began as a Formicid Conjurer on May 16, 2021.
             Killed from afar by a dart slug (4 damage)
             ... with a slug dart
             ... on level 2 of the Dungeon.
             The game lasted 00:02:11 (1320 turns).

DildoBatman the Conjurer (Formicid Conjurer)        Turns: 1320, Time: 00:02:11

Health: 0/30       AC:  3    Str: 12    XL:     4   Next: 18%
Magic:  7/7        EV: 12    Int: 18    God:
Gold:   98         SH:  0    Dex:  9    Spells: 4/7 levels left

rFire    . . .     SeeInvis +   l - +0 club
rCold    . . .     Faith    .   (no shield)
rNeg     . . .     Spirit   .   a - +0 robe
rPois    .         Reflect  .   (helmet unavailable)
rElec    .         Harm     .   b - +0 cloak
rCorr    .         Rampage  .   (no gloves)
Will     .....                  (no boots)
Stlth    ++........             (no amulet)
HPRegen  0.10/turn              (no ring)
MPRegen  0.10/turn              (no ring)

@: no status effects
A: permanent stasis, dig shafts and tunnels, four strong arms, antennae 3
a: Dig, Shaft Self


You were on level 2 of the Dungeon.
You visited 1 branch of the dungeon, and saw 2 of its levels.

You collected 98 gold pieces.

Inventory:

Hand Weapons
 g - a +0 hunting sling
 h - a cursed -1 hunting sling
 l - a +0 club (weapon)
Missiles
 c - 22 arrows
 i - 20 bolts
 k - 45 stones
Armour
 a - a +0 robe (worn)
 b - a +0 cloak (worn)
Scrolls
 e - a scroll of fear {unknown}
 m - a scroll of identify {unknown}
Potions
 d - a potion of heal wounds {unknown}
 f - a potion of invisibility {unknown}
 j - a potion of flight {unknown}


   Skills:
 - Level 1.7 Dodging
 - Level 2.4 Stealth
 - Level 2.1 Spellcasting
 * Level 5.0 Conjurations


You had 4 spell levels left.
You knew the following spells:

 Your Spells              Type           Power        Failure   Level
a - Searing Ray           Conj           38%          3%          2
c - Magic Dart            Conj           76%          2%          1

Your spell library contained the following spells:

 Spells                   Type           Power        Failure   Level
 Dazzling Flash           Conj/Hex       20%          19%         3
 Fulminant Prism          Conj/Hex       5%           54%         4
 Iskenderun's Mystic Bla  Conj/Tloc      10%          54%         4


Dungeon Overview and Level Annotations

Branches:
Dungeon (2/15)

Altars:


Innate Abilities, Weirdness & Mutations

You cannot be hasted, slowed, berserked, paralysed or teleported.
You can dig through walls and to a lower floor.
Your four strong arms can wield two-handed weapons with a shield.
You have a pair of large antennae on your head. (SInv)


Message History

Anything else - Cancel.
You shout for attention!
The dart slug bites you. What are your orders? t - Shout!
Orders for allies: a - Attack new target. r - Retreat! s - Stop attacking. g - Guard the area. f - Follow me.
Anything else - Cancel.
You shout for attention!
What are your orders? t - Shout!
Orders for allies: a - Attack new target. r - Retreat! s - Stop attacking. g - Guard the area. f - Follow me.
Anything else - Cancel.
You shout for attention!
The dart slug launches a dart at you. The slug dart hits you.
You die...

#.##. .... .. .(.. #. #..
.. #.....#.. ....... #
#.##..#.. .......
#.######w##..#.#+#.......
........@................
...............#.#.......
.#......##..............
######.##..#.#.........
######.##........##....
#..........#.##..##....
............#.##..##..#.
.######.##..#.##..##..#.
#.......##........


You could see a dart slug.

Vanquished Creatures
  A bullfrog skeleton (D:2)
  2 adders (D:2)
  A worm (D:2)
  A ball python (D:1)
  A giant cockroach (D:1)
  2 hobgoblins
  2 bats
  A frilled lizard (D:1)
  A kobold (D:1)
  3 rats
15 creatures vanquished.

Notes
Turn   | Place    | Note
-------+----------+-------------------------------------------
     0 | D:1      | DildoBatman the Formicid Conjurer began the quest for the
                  | Orb.
     0 | D:1      | Reached XP level 1. HP: 13/13 MP: 3/3
   650 | D:1      | Reached XP level 2. HP: 19/19 MP: 3/5
   688 | D:1      | Learned a level 2 spell: Searing Ray
   860 | D:1      | Reached skill level 4 in Conjurations
   983 | D:2      | Reached XP level 3. HP: 24/24 MP: 1/6
  1235 | D:2      | Reached skill level 5 in Conjurations
  1235 | D:2      | Reached XP level 4. HP: 30/30 MP: 1/7
  1320 | D:2      | Killed from afar by a dart slug

Illustrated notes

Levels and vault maps discovered:
D:1:      minmay_arrival_four_circles, layout_basic
D:2:      layout_basic, guppyfry_early_orc_mine

Skill      XL: |  1  2  3 |
---------------+----------+-----
Conjurations   | 4 5 |  5.0
Dodging        | |  1.7
Stealth        | |  2.4
Spellcasting   | |  2.1

Action                   |  1- 3 |  4- 6 || total
-------------------------+-------+-------++-------
Melee: Unarmed           |     8 |       ||     8
 Cast: Magic Dart        |    21 |       ||    21
       Searing Ray       |     4 |       ||     4
 Abil: Dig               |     6 |       ||     6
Armor: Robe              |     4 |     4 ||     8
Dodge: Dodged            |     7 |    22 ||    29
